AoeStats
← Q_Djarot

Yucatan

510583126Analyzed
4v4 RM · 14h ago on Oct 1, 2026· 53m 52s· 8 players
Game mode
Random Map
Map size
Large (8 player)
Population
200
Speed
Normal
Resources
Standard
Victory
Conquest
Starting age
Dark Age
Ending age
Imperial Age
RankedLock teamsTeams togetherTeam positionsShared explorationLock speedFull tech treeHidden civsTurbo modeCheats
Victory
Defeat
🇨🇳 Magyars · China
1153
+14
🇻🇳 Mongols · Vietnam
1106
+16
🇮🇩 Huns · Indonesia
1093
+17
🇬🇧 Varangians · United Kingdom
1081
+17
🇫🇷 Hindustanis · France
1149
-18
🇨🇴 Malay · Colombia
1117
-16
🇦🇷 Mongols · Argentina
1110
-16
🇦🇺 Japanese · Australia
1065
-14
Yee
12:45 Feudal Age
17:28 Castle Age
15:14 Double-Bit Axe
15:12 Horse Collar
20:40 Bow Saw
23:40 Fishing Lines
27:17 Gillnets
29:07 Wheelbarrow
28:18 Loom
33:12 Imperial Age
32:02 Fletching
32:34 Ballistics
31:55 Treadmill Crane
32:17 Padded Archer Armor
32:43 Hand Cart
33:03 Husbandry
33:14 Bloodlines
33:03 Bodkin Arrow
33:24 Heavy Cavalry Archer
34:09 Bracer
34:59 Parthian Tactics
34:41 Scale Barding Armor
35:25 Leather Archer Armor
36:17 Chemistry
37:03 Ring Archer Armor
36:54 Chain Barding Armor
36:41 Thumb Ring
38:30 Conscription
39:44 Plate Barding Armor
40:02 Corvinian Army
40:49 Recurve Bow
46:02 Murder Holes
46:17 Masonry
45:56 Elite Magyar Huszar
48:15 Heated Shot
48:31 Siege Engineers
SideMeerkat6918
1:28 Loom
11:55 Feudal Age
13:14 Wheelbarrow
12:37 Horse Collar
12:48 Double-Bit Axe
12:56 Town Watch
26:50 Castle Age
24:50 Stone Mining
25:06 Gold Mining
26:14 Bloodlines
26:17 Forging
26:58 Scale Barding Armor
27:46 Bow Saw
27:38 Heavy Plow
28:30 Hand Cart
29:37 Iron Casting
33:49 Padded Archer Armor
37:28 Pikeman
38:43 Scale Mail Armor
44:28 Husbandry
44:52 Chain Barding Armor
47:40 Imperial Age
46:51 Squires
47:38 Leather Archer Armor
47:13 Fletching
48:52 Conscription
47:56 Elite Jarl
49:15 Conscription
50:04 Crop Rotation
51:00 Blast Furnace
50:23 Gothikon
52:57 Bodkin Arrow
53:33 Ring Archer Armor
nguyenhoanglan060
8:49 Loom
12:57 Feudal Age
17:55 Castle Age
15:44 Double-Bit Axe
17:16 Horse Collar
18:42 Fletching
19:04 Bow Saw
24:17 Bodkin Arrow
27:26 Light Cavalry
29:41 Wheelbarrow
35:31 Imperial Age
34:43 Padded Archer Armor
35:13 Ballistics
36:28 Hand Cart
35:55 Capped Ram
37:06 Conscription
37:00 Heavy Plow
37:28 Bloodlines
37:18 Husbandry
37:55 Bracer
39:11 Chemistry
38:18 Gold Mining
38:19 Stone Mining
38:24 Capped Ram
39:29 Scale Barding Armor
39:23 Hussar
40:44 Elite Mangudai
41:54 Forging
42:33 Chain Barding Armor
42:47 Thumb Ring
44:09 Gold Shaft Mining
44:47 Fortified Wall
44:48 Masonry
45:19 Onager
48:19 Drill
47:35 Siege Onager
48:22 Siege Ram
51:35 Parthian Tactics
Q_Djarot
11:26 Feudal Age
13:37 Loom
16:34 Castle Age
17:10 Double-Bit Axe
19:20 Bow Saw
21:37 Fletching
22:33 Padded Archer Armor
25:21 Bodkin Arrow
28:18 Leather Archer Armor
29:34 Gold Mining
42:34 Thumb Ring
46:28 Ballistics
52:06 Imperial Age
Frodon le Hobbit
6:27 Loom
13:02 Feudal Age
18:12 Castle Age
16:19 Horse Collar
16:30 Double-Bit Axe
16:59 Gold Mining
17:03 Stone Mining
17:57 Bloodlines
18:30 Scale Barding Armor
18:44 Fishing Lines
20:27 Bow Saw
21:26 Forging
23:19 Heavy Plow
24:25 Padded Archer Armor
25:37 Wheelbarrow
26:09 Leather Archer Armor
26:13 Squires
27:05 Scale Mail Armor
27:49 Husbandry
29:30 Iron Casting
29:21 Town Watch
31:26 Gold Shaft Mining
36:57 Imperial Age
36:02 Hand Cart
36:57 Chain Barding Armor
37:02 Heavy Camel Rider
37:16 Elite Ghulam
39:05 Blast Furnace
39:11 Ballistics
39:32 Plate Barding Armor
40:16 Two-Man Saw
40:04 Ring Archer Armor
39:21 Imperial Camel Rider
42:40 Murder Holes
46:04 Chemistry
45:00 Fletching
45:36 Conscription
48:54 Bodkin Arrow
49:29 Elite Skirmisher
51:00 Town Patrol
52:15 Bracer
Rido
0:26 Loom
10:45 Feudal Age
18:15 Castle Age
16:08 Double-Bit Axe
18:28 Town Watch
19:19 Wheelbarrow
18:28 Horse Collar
19:24 Gold Mining
19:24 Stone Mining
20:41 Heavy Plow
23:34 Fletching
23:13 Elite Skirmisher
25:33 Padded Archer Armor
29:04 Leather Archer Armor
30:51 Bow Saw
31:25 Ballistics
32:19 Guard Tower
32:35 Bodkin Arrow
33:07 Masonry
32:47 Pikeman
34:23 Hand Cart
34:48 Forging
35:17 Yasama
35:53 Murder Holes
36:35 Iron Casting
39:56 Imperial Age
38:31 Thumb Ring
38:33 Squires
38:21 Arson
41:15 Kataparuto
42:21 Two-Man Saw
42:30 Blast Furnace
41:30 Scale Mail Armor
42:40 Keep
42:40 Conscription
44:36 Elite Samurai
45:37 Chain Mail Armor
46:17 Town Patrol
46:07 Arrowslits
46:04 Treadmill Crane
46:30 Siege Engineers
50:03 Parthian Tactics
51:22 Bracer
51:53 Ring Archer Armor
52:58 Plate Mail Armor
53:55 Chemistry
Maiculito de la mancha
13:26 Loom
15:12 Feudal Age
15:58 Double-Bit Axe
18:39 Wheelbarrow
22:18 Castle Age
23:18 Scale Barding Armor
23:27 Forging
23:25 Horse Collar
23:57 Bow Saw
25:29 Gold Mining
26:53 Iron Casting
30:01 Husbandry
33:23 Hand Cart
32:53 Town Watch
40:23 Fletching
JohnSalchichon
5:16 Loom
9:05 Feudal Age
10:52 Double-Bit Axe
15:07 Forging
15:07 Horse Collar
16:09 Scale Barding Armor
20:46 Castle Age
20:03 Fletching
21:05 Bloodlines
22:22 Padded Archer Armor
24:57 Ballistics
25:48 Leather Archer Armor
28:11 Bodkin Arrow
29:14 Husbandry
31:40 Wheelbarrow
37:58 Imperial Age
39:01 Conscription
43:02 Elite Mangudai
Connection lost

Rejoining the realm…

Still unreachable

The connection could not be restored.

Session expired

The server has moved on; the page needs a fresh start.